 Dungeon Crawl Stone Soup version 0.31-a0-232-gb1c03b2570 (webtiles) character file.

Game seed: 10760723052219747198

474 qw the Shooter (level 6, -7/53 HPs)
             Began as a Minotaur Hexslinger on July 7, 2023.
             Mangled by Prince Ribbit (17 damage)
             ... on level 5 of the Dungeon.
             The game lasted 00:01:11 (3788 turns).

qw the Shooter (Minotaur Hexslinger)                Turns: 3788, Time: 00:01:12

Health: -7/53      AC:  4    Str: 13    XL:     6   Next: 84%
Magic:  6/6        EV: 12    Int: 10    God:
Gold:   1047       SH:  0    Dex: 14    Spells: 6/7 levels left

rFire   . . .        Y - +3 arbalest (freeze)
rCold   + + .        (shield currently unavailable)
rNeg    . . .        i - +0 leather armour {rC+}
rPois   .            (helmet restricted)
rElec   .            (no cloak)
rCorr   .            o - +0 pair of gloves
SInv    +            (no boots)
Will    .....        (no amulet)
Stlth   +            e - ring of protection from cold
HPRegen 0.28/turn    k - ring of see invisible
MPRegen 0.10/turn

%: no passive effects
@: no status effects
A: horns 2, retaliatory headbutt
a: no special abilities


You were on level 5 of the Dungeon.
You visited 1 branch of the dungeon, and saw 5 of its levels.

You collected 1047 gold pieces.


Innate Abilities, Weirdness & Mutations

You have a pair of horns on your head.
You reflexively headbutt those who attack you in melee.


   Skills:
 - Level 4.4 Fighting
 + Level 7.0 Ranged Weapons
 - Level 1.0 Armour
 - Level 2.1 Dodging
 - Level 1.0 Spellcasting
 - Level 2.0 Hexes


You had 6 spell levels left.
You knew the following spells:

 Your Spells              Type           Power      Damage    Failure   Level
a - Slow                  Hex            16%        N/A       19%         1

Your spell library contained the following spells:

 Spells                   Type           Power      Damage    Failure   Level
 Inner Flame              Hex/Fire       2%         N/A       65%         3
 Portal Projectile        Hex/Tloc       4%         N/A       65%         3
 Cause Fear               Hex            2%         N/A       88%         4

Inventory:

Hand Weapons
 Y - a +3 arbalest of freezing (weapon)
Armour
 f - a +0 ring mail
 h - the +1 leather armour of a ziggurat {-Tele rPois rF- Stlth+}
   (You took it off an orc on level 4 of the Dungeon)

   rF:        It makes you vulnerable to fire.
   rPois:     It protects you from poison.
   -Tele:     It prevents most forms of teleportation.
   Stlth:     It makes you more stealthy.
 i - a +0 leather armour of cold resistance (worn)
 o - a +0 pair of gloves (worn)
Jewellery
 e - a ring of protection from cold (left hand)
 j - a ring of see invisible
 k - a ring of see invisible (right hand)
 l - the ring "Nastopp" {rPois Int+5 Dex-3}
   (You found it on level 2 of the Dungeon)

   [ring of poison resistance]

   Int:       It affects your intelligence (+5).
   Dex:       It affects your dexterity (-3).
   rPois:     It protects you from poison.
Scrolls
 p - a scroll of revelation {unknown}
Potions
 a - a potion of mutation {unknown}
 b - a potion of cancellation {unknown}
 c - a potion of attraction {unknown}
 d - 5 potions of curing
 g - a potion of enlightenment {unknown}
 m - a potion of ambrosia {unknown}
 n - 3 potions of haste {unknown}

Dungeon Overview and Level Annotations

Branches:
Dungeon (5/15)
 Temple: D:4-7

Altars:
Uskayaw
Yredelemnul

Annotations:
D:5 Prince Ribbit


Message History

Found a stone staircase leading down.
Enter note:
Enter note:
n - 3 black potions (gained 2)
You see here a +0 mace.
You see here a hound corpse.
Prince Ribbit comes into view.
Prince Ribbit croaks.
Prince Ribbit blinks!
Enter note:
Enter note: You shoot a bolt.
The bolt hits Prince Ribbit.
The bolt freezes Prince Ribbit.
Prince Ribbit is moderately wounded.
You shoot a bolt. The bolt closely misses Prince Ribbit.
Prince Ribbit blinks!
Prince Ribbit is nearby!
Enter note:
Enter note: You shoot a bolt.
The bolt barely misses Prince Ribbit.
You shoot a bolt. The bolt closely misses Prince Ribbit.
You shoot a bolt. The bolt misses Prince Ribbit.
Prince Ribbit hits you! Prince Ribbit hits you.
You shoot a bolt. The bolt hits Prince Ribbit.
Prince Ribbit seems to slow down.
The bolt freezes Prince Ribbit.
Prince Ribbit is moderately wounded.
Prince Ribbit is no longer moving slowly.
Prince Ribbit closely misses you.
You shoot a bolt. The bolt hits Prince Ribbit!
Prince Ribbit seems to slow down.
The bolt freezes Prince Ribbit.
Prince Ribbit is severely wounded.
Prince Ribbit hits you. Prince Ribbit hits you!
You shoot a bolt. The bolt misses Prince Ribbit.
Prince Ribbit hits you but does no damage.
You shoot a bolt. The bolt hits Prince Ribbit.
Prince Ribbit seems to slow down.
The bolt freezes Prince Ribbit.
Prince Ribbit is almost dead.
Prince Ribbit hits you!
You shoot a bolt. The bolt barely misses Prince Ribbit.
Prince Ribbit hits you!
You die...

..#.#.....### #..........#.##
.....#......# ####............#
#.#.......#.###.....[.......##..#
...#.....##.#...#.####..#...# .##
#...#..#.##...##%.# ##........#
.#...#...#..####.## ##..#....#
...^..#..##.. #.# #.##..#..#
....#..#.##...##.# #.#).###..
.........##....F@# #...## ##
#..#######.......# .>. #....
..#....## ....<. #...##.( #..#.
.... .. ... ... .. .## #.


You could see Prince Ribbit (slow).

Vanquished Creatures
  A black bear (D:4)
  A bullfrog (D:4)
  2 hounds (D:5)
  2 iguanas (D:4)
  Natasha (thrice) (D:2)
  3 adders
  A shadow imp (D:5)
  A white imp (D:5)
  2 worms
  2 dart slugs
  8 orcs
  9 ball pythons
  5 bats
  5 endoplasms
  2 giant cockroaches
  5 goblins
  9 hobgoblins
  4 jackals (D:2)
  3 quokkas
  3 frilled lizards
  8 kobolds
  4 rats
83 creatures vanquished.

Notes
Turn   | Place    | Note
-------+----------+-------------------------------------------
     0 | D:1      | qw the Minotaur Hexslinger began the quest for the Orb.
     0 | D:1      | Reached XP level 1. HP: 16/16 MP: 1/1
     0 | D:1      | 0 ||| qw: Version: 0.3-a-46-gb1f654a
     0 | D:1      | 0 ||| qw: Game counter: 2621
     0 | D:1      | 0 ||| qw: Melee chars always use a shield: true
     0 | D:1      | 0 ||| qw: God list: Okawaru
     0 | D:1      | 0 ||| qw: Allow faded altars: false
     0 | D:1      | 0 ||| qw: Do Orc after clearing Dungeon:15 true
     0 | D:1      | 0 ||| qw: Do second Lair branch before Depths: true
     0 | D:1      | 0 ||| qw: Lair rune preference: random
     0 | D:1      | 0 ||| qw: Goals: Normal
     0 | D:1      | 0 ||| PLANNING D:1-11
    48 | D:1      | You fall into a shaft and drop 1 floor!
    81 | D:2      | Reached skill level 3 in Ranged Weapons
    81 | D:2      | Reached XP level 2. HP: 12/23 MP: 2/2
   206 | D:2      | 206 ||| READING scroll labelled CYZOSEBIASCH.
   207 | D:2      | 207 ||| DROPPING scroll of poison.
   372 | D:1      | Reached XP level 3. HP: 23/29 MP: 3/3
  1017 | D:1      | 1017 ||| UPGRADING to +0 ring mail.
  1027 | D:1      | 1027 ||| DROPPING +0 robe.
  1028 | D:1      | 1028 ||| UPGRADING to ring of protection from cold.
  1029 | D:1      | 1029 ||| UPGRADING to ring of see invisible.
  1030 | D:1      | 1030 ||| READING scroll labelled KUTHAA COGY.
  1031 | D:1      | 1031 ||| READING scroll labelled RAYNWACSURET.
  1031 | D:1      | Identified a scroll of acquirement
  1031 | D:1      | 1031 ||| ACQUIRING +3 arbalest of freezing
  1031 | D:1      | Acquired a +3 arbalest of freezing
  1033 | D:1      | 1033 ||| SWAPPING to +3 arbalest of freezing.
  1034 | D:1      | 1034 ||| DROPPING +1 sling.
  1035 | D:1      | 1035 ||| READING scroll labelled AFOUFE ZIDDAEMNEA.
  1036 | D:1      | 1036 ||| READING scroll labelled GAFAIDE ANOAX.
  1037 | D:1      | 1037 ||| READING scroll labelled ORGHEB VUFAHASK.
  1038 | D:1      | 1038 ||| DRINKING 3 lumpy silvery potions.
  1060 | D:2      | Reached skill level 4 in Ranged Weapons
  1173 | D:2      | 1173 ||| READING scroll of acquirement.
  1173 | D:2      | 1173 ||| ACQUIRING 870 gold pieces
  1173 | D:2      | Acquired 870 gold pieces
  1203 | D:2      | Reached skill level 1 in Armour
  1283 | D:2      | Noticed Natasha
  1287 | D:2      | Killed Natasha
  1288 | D:2      | Reached XP level 4. HP: 34/36 MP: 4/4
  1440 | D:2      | Noticed Natasha
  1442 | D:2      | Killed Natasha
  1443 | D:2      | Reached skill level 5 in Ranged Weapons
  1553 | D:2      | Identified the ring "Nastopp" {rPois Int+5 Dex-3}
  1664 | D:2      | Noticed Natasha
  1665 | D:2      | Killed Natasha
  1666 | D:2      | Reached XP level 5. HP: 44/44 MP: 5/5
  1763 | D:2      | 1763 ||| READING 2 scrolls labelled BEEVO WOOR.
  1764 | D:2      | 1764 ||| READING 3 scrolls labelled IREDAUTO FANESH.
  1765 | D:2      | 1765 ||| READING scroll labelled CODIUH ROMMIZ.
  1766 | D:2      | 1766 ||| DROPPING scroll of fear.
  1767 | D:2      | 1767 ||| DROPPING 2 scrolls of vulnerability.
  1954 | D:3      | Reached skill level 3 in Fighting
  2236 | D:3      | Found a basalt altar of Yredelemnul.
  2242 | D:3      | Found a hide-covered altar of Uskayaw.
  2540 | D:3      | 2540 ||| UPGRADING to +0 leather armour of cold resistance.
  2550 | D:3      | 2550 ||| DRINKING 2 golden potions.
  2551 | D:3      | 2551 ||| DRINKING 2 bubbling dark potions.
  2626 | D:3      | 2626 ||| DROPPING potion of invisibility.
  2676 | D:3      | 2676 ||| DROPPING potion of berserk rage.
  2788 | D:4      | Noticed a black bear
  2796 | D:4      | Killed a black bear
  2797 | D:4      | Reached skill level 6 in Ranged Weapons
  2797 | D:4      | Reached XP level 6. HP: 34/51 MP: 6/6
  2982 | D:4      | Identified the +1 leather armour of a ziggurat {-Tele rPois
                  | rF- Stlth+}
  3589 | D:4      | 3589 ||| UPGRADING to +0 pair of gloves.
  3617 | D:5      | Entered Level 5 of the Dungeon
  3705 | D:5      | Reached skill level 7 in Ranged Weapons
  3777 | D:5      | Noticed Prince Ribbit
  3787 | D:5      | HP: 9/53 [Prince Ribbit (9)]
  3788 | D:5      | Mangled by Prince Ribbit

Levels and vault maps discovered:
D:1:      saegor_arrival_simple_a, layout_loops_ring
D:2:      layout_loops_ring, minmay_misc_feat_rugged, uniq_natasha
D:3:      layout_basic, mainiacjoe_overflow_large_starburst,
          chequers_serial_rivers_micro_e, minmay_puff
D:4:      layout_layer_cave, hangedman_abyss_or_decor_slice
D:5:      layout_rooms, hangedman_decor_opposing, nicolae_stop_n_shop_2,
          hellmonk_bongcloud_opening, uniq_prince_ribbit1

Skill      XL: |  1  2  3  4  5  6 |
---------------+-------------------+-----
Ranged Weapons | 3 4 5 6 7 |  7.0
Fighting       | 2 3 4 |  4.4
Armour         | 1 |  1.0
Dodging        | |  2.1
Spellcasting   | |  1.0
Hexes          | |  2.0

Action                     |  1- 3 |  4- 6 || total
---------------------------+-------+-------++-------
   Fire: Sling             |    83 |       ||    83
         Arbalest          |    25 |    95 ||   120
    Use: Scroll            |     7 |     3 ||    10
         Potion            |     1 |     2 ||     3
 Armour: Robe              |     8 |       ||     8
         Ring mail         |     7 |     3 ||    10
         Leather armour    |       |     7 ||     7
  Dodge: Dodged            |    25 |    23 ||    48

Table legend:
 A = Non-vault XP
 B = Vault XP
 C = Vault XP percentage of total XP
 D = Non-vault monster count
 E = Vault monster count
 F = Vault count percentage of total count
                 A         B        C        D         E       F
            +---------+---------+-------+---------+---------+-------
      Total |     635 |      43 |   6.3 |      79 |       4 |   4.8
            +---------+---------+-------+---------+---------+-------
        D:1 |      41 |       0 |   0.0 |      24 |       0 |   0.0
        D:2 |     128 |      35 |  21.5 |      23 |       1 |   4.2
        D:3 |      19 |       8 |  29.6 |       8 |       3 |  27.3
        D:4 |     334 |       0 |   0.0 |      19 |       0 |   0.0
        D:5 |     113 |       0 |   0.0 |       5 |       0 |   0.0
            +---------+---------+-------+---------+---------+-------
